 Dungeon Crawl Stone Soup version 0.30.2 (webtiles) character file.

Game seed: 13664828519229616324

377 Ashen the Chiller (level 6, -5/58 HPs)
             Began as an Ogre Ice Elementalist on Jan 25, 2024.
             Slain by a gnoll
             ... wielding a +0 halberd
              (7 damage)
             ... on level 5 of the Dungeon.
             The game lasted 00:07:02 (3456 turns).

Ashen the Chiller (Ogre Ice Elementalist)           Turns: 3456, Time: 00:07:02

Health: -5/58      AC: 13    Str: 13    XL:     6   Next: 73%
Magic:  17/21      EV: 10    Int: 18    God:
Gold:   183        SH:  0    Dex:  9    Spells: 2/13 levels left

rFire   x . .        d - +1 dagger (venom)
rCold   + . .        (no shield)
rNeg    . . .        a - +0 robe
rPois   +            (helmet restricted)
rElec   .            y - +2 cloak {rPois}
rCorr   .            (gloves unavailable)
SInv    .            (boots unavailable)
Will    .....        p - amulet of regeneration
Stlth   ++           q - ring of ice
HPRegen 1.09/turn    i - ring of magical power
MPRegen 0.17/turn

%: no passive effects
@: ice-armoured
A: large, unfitting armour, tough skin 1
a: no special abilities


You were on level 5 of the Dungeon.
You visited 1 branch of the dungeon, and saw 5 of its levels.

You collected 183 gold pieces.

Inventory:

Hand Weapons
 d - a +1 dagger of venom (weapon)
Armour
 a - a +0 robe (worn)
 y - a +2 cloak of poison resistance (worn)
Jewellery
 c - a ring of resist corrosion
 i - a ring of magical power (right hand)
 p - an amulet of regeneration (around neck)
 q - a ring of ice (left hand)
Scrolls
 g - a scroll of teleportation {unknown}
 h - 2 scrolls of blinking {unknown}
 k - a scroll of enchant armour {unknown}
 l - 4 scrolls of identify
 m - a scroll of poison {unknown}
 n - 2 scrolls of enchant weapon {unknown}
 o - a scroll of torment {unknown}
 r - a scroll of silence {unknown}
 u - a scroll of fear {unknown}
Potions
 b - a potion of magic
 e - a potion of lignification
 j - a potion of might {unknown}
 s - 2 potions of haste {unknown}
 t - a potion of heal wounds {unknown}
 v - a potion of resistance {unknown}
 w - a potion of mutation {unknown}


   Skills:
 + Level 2.3 Fighting
 + Level 1.3 Maces & Flails
 + Level 2.6 Dodging
 + Level 2.3 Stealth
 * Level 4.0 Spellcasting
 * Level 2.3 Conjurations
 * Level 4.5 Ice Magic


You had 2 spell levels left.
You knew the following spells:

 Your Spells              Type           Power      Damage    Failure   Level
a - Freeze                Ice            100%       1d10      2%          1
b - Frozen Ramparts       Ice            60%        1d10      7%          3
c - Ozocubu's Armour      Ice            30%        N/A       7%          3
d - Summon Ice Beast      Ice/Summ       17%        N/A       50%         4

Your spell library contained the following spells:

 Spells                   Type           Power      Damage    Failure   Level
 Magic Dart               Conj           44%        1d5       6%          1
 Apportation              Tloc           6%         N/A       14%         1
 Beastly Appendage        Tmut           6%         N/A       14%         1
 Necrotise                Necr           12%        1d4       14%         1
 Slow                     Hex            12%        N/A       14%         1
 Summon Small Mammal      Summ           12%        N/A       14%         1
 Call Imp                 Summ           6%         N/A       22%         2
 Wereblood                Tmut           3%         N/A       22%         2
 Mephitic Cloud           Conj/Pois/Air  6%         N/A       32%         3
 Confusing Touch          Hex            3%         N/A       41%         3
 Ignite Poison            Fire/Tmut/Pois 3%         N/A       41%         3
 Spider Form              Tmut/Pois      3%         N/A       41%         3
 Vampiric Draining        Necr           3%         2d6       41%         3
 Sticky Flame             Conj/Fire      7%         2d3       67%         4
 Ignition                 Fire           1%         3d3       100%        8


Dungeon Overview and Level Annotations

Branches:
Dungeon (5/15)
 Temple: D:4-7

Altars:
Sif Muna

Annotations:
D:5 Menkaure


Innate Abilities, Weirdness & Mutations

You are too large for most types of armour.
You have tough skin. (AC +1)


Message History

Menkaure hits you but does no damage.
You hit Menkaure but do no damage.
Menkaure is moderately damaged.
The wall freezes Menkaure but does no damage.
Menkaure barely misses you.
You hit Menkaure but do no damage.
Menkaure is moderately damaged.
The frozen ramparts melt away.
Menkaure closely misses you.
You barely miss Menkaure.
Menkaure is moderately damaged.
Menkaure hits you!
* * * LOW HITPOINT WARNING * * *
You hit Menkaure.
Menkaure is moderately damaged.
Menkaure barely misses you.
Menkaure calls on the powers of darkness!
Your body is wracked with pain!
* * * LOW HITPOINT WARNING * * *
You hit Menkaure.
Menkaure is heavily damaged.
Menkaure closely misses you.
You hit Menkaure but do no damage.
Menkaure is heavily damaged.
The gnoll hits you but does no damage. Menkaure hits you.
* * * LOW HITPOINT WARNING * * *
You hit Menkaure but do no damage.
Menkaure is heavily damaged.
Menkaure barely misses you. The gnoll closely misses you.
You hit Menkaure but do no damage.
Menkaure is heavily damaged.
Menkaure barely misses you. The gnoll barely misses you.
You hit Menkaure but do no damage.
Menkaure is heavily damaged.
Menkaure hits you!
* * * LOW HITPOINT WARNING * * *
The gnoll barely misses you. Menkaure barely misses you.
You hit Menkaure.
Menkaure is heavily damaged.
The gnoll hits you from afar with a +0 halberd!
You die...

####.... #......
#...... .....
.... ..## #..#
#@)# ###M#
##..g###
#......####
##.........###.
#..............
#.....<.......#
#M..........#..#
⌠$...........##
.#


You could see Menkaure (fast) and a gnoll.

Vanquished Creatures
  2 hounds (D:4)
  An orc priest (D:3)
  Crazy Yiuf (D:4)
  3 iguanas
  2 gnolls (D:5)
  6 adders
  A river rat (D:3)
  2 worms
  4 dart slugs
  5 orcs
  4 bats
  6 endoplasms
  9 giant cockroaches
  3 goblins
  10 hobgoblins
  6 quokkas
  5 ball pythons
  4 frilled lizards
  8 kobolds
  3 rats
85 creatures vanquished.

Notes
Turn   | Place    | Note
-------+----------+-------------------------------------------
     0 | D:1      | Ashen the Ogre Ice Elementalist began the quest for the
                  | Orb.
     0 | D:1      | Reached XP level 1. HP: 16/16 MP: 3/3
    73 | D:1      | Reached XP level 2. HP: 11/24 MP: 0/5
   281 | D:1      | Reached XP level 3. HP: 25/31 MP: 7/7
   691 | D:2      | Found a shimmering blue altar of Sif Muna.
   851 | D:2      | Learned a level 3 spell: Frozen Ramparts
   855 | D:2      | Learned a level 3 spell: Ozocubu's Armour
   914 | D:2      | Reached XP level 4. HP: 36/40 MP: 8/8
   934 | D:2      | Reached skill level 1 in Conjurations
  1031 | D:2      | Reached skill level 1 in Fighting
  1767 | D:3      | Reached XP level 5. HP: 48/48 MP: 9/9
  2730 | D:4      | Reached skill level 1 in Maces & Flails
  2857 | D:4      | Reached XP level 6. HP: 57/57 MP: 11/11
  2954 | D:4      | Found a runed translucent door.
  2955 | D:4      | Noticed Crazy Yiuf
  3170 | D:4      | Found a shimmering blue altar of Sif Muna.
  3340 | D:4      | Learned a level 4 spell: Summon Ice Beast
  3346 | D:4      | Killed Crazy Yiuf
  3401 | D:5      | Entered Level 5 of the Dungeon
  3434 | D:5      | Noticed Menkaure
  3455 | D:5      | HP: 1/58 [Menkaure (7)]
  3456 | D:5      | Slain by a gnoll

Illustrated notes

Levels and vault maps discovered:
D:1:      lightli_arrival_statuegarden, layout_rooms, st_stairs_9,
          minmay_hexomino_p4
D:2:      layout_loops_ring, basic_altar
D:3:      layout_basic, gup_sewer_entry_spiral, serial_rivers,
          chequers_serial_rivers_room_b, chequers_serial_rivers_small_3,
          chequers_serial_rivers_micro_e, chequers_serial_rivers_large_b,
          chequers_serial_rivers_micro_d, chequers_serial_rivers_small_b,
          chequers_decorated_corner
D:4:      layout_loops_ring, nicolae_sif_muna_condensation,
          uniq_crazy_yiuf_cottage
D:5:      kennysheep_spiral_hall, layout_cave_pods, grunt_temple_overflow_open,
          grunt_ministairs_1, kennysheep_small_spiral, uniq_menkaure

Skill      XL: |  1  2  3  4  5  6 |
---------------+-------------------+-----
Dodging        | 2 |  2.6
Stealth        | 2 |  2.3
Spellcasting   | 3 4 |  4.0
Conjurations   | 1 2 |  2.3
Fighting       | 1 2 |  2.3
Ice Magic      | 4 |  4.5
Maces & Flails | 1 |  1.3

Action                     |  1- 3 |  4- 6 || total
---------------------------+-------+-------++-------
  Melee: Unarmed           |    40 |       ||    40
         Dagger            |    89 |   194 ||   283
         Punch             |     1 |     1 ||     2
   Cast: Freeze            |     9 |     3 ||    12
         Frozen Ramparts   |       |     3 ||     3
         Ozocubu's Armour  |       |     2 ||     2
    Use: Scroll            |       |     1 ||     1
   Stab: Sleeping          |     4 |     9 ||    13
 Armour: Robe              |    42 |    40 ||    82
  Dodge: Dodged            |    69 |    87 ||   156
